 Dungeon Crawl Stone Soup version 0.24-a0-769-g368c1644f8 (webtiles) character file.

Game seed: 4422636507629356790, levelgen mode: deterministic

27 Arixos the Scratcher (level 2, 0/12 HPs)
             Began as a Felid Transmuter on Oct 5, 2019.
             Slain by a wight
             ... wielding a +3 halberd
              (8 damage)
             ... on level 2 of the Dungeon.
             The game lasted 00:05:42 (1572 turns).

Arixos the Scratcher (Felid Transmuter)             Turns: 1572, Time: 00:05:43

Health: 0/12       AC:  1    Str:  6    XL:     2   Next: 93%
Magic:  4/6        EV: 18    Int: 14    God:
Gold:   64         SH:  0    Dex: 16    Spells: 2/5 levels left
                                        Lives:  0   Deaths: 0

rFire    . . .     SeeInvis +     - Unarmed
rCold    . . .     Gourm    .   (shield unavailable)
rNeg     . . .     Faith    +   (armour unavailable)
rPois    .         Spirit   .   (helmet unavailable)
rElec    .         Reflect  .   (cloak unavailable)
rCorr    .         Harm     .   (gloves unavailable)
MR       .....                  (boots unavailable)
Stlth    ++........             d - amulet of faith
HPRegen  0.04/turn              (no ring)
MPRegen  0.10/turn              (no ring)

@: quick
A: very small, no armour, no weapons or thrown items, stealth, claws 1, fangs 3,
see invisible, carnivore, speed 1, shaggy fur 1, slow metabolism 1, sharp paws
a: no special abilities


You were on level 2 of the Dungeon.
You were very full.

You visited 1 branch of the dungeon, and saw 2 of its levels.

You collected 64 gold pieces.

Inventory:

Missiles
 a - 32 arrows
Jewellery
 d - an amulet of faith (around neck)
Scrolls
 f - a scroll of amnesia {unknown}
Potions
 b - a potion of invisibility {unknown}
 e - a potion of degeneration {unknown}
 h - a potion of resistance {unknown}
Comestibles
 c - 2 rations
 g - a chunk of flesh


   Skills:
 + Level 1.4 Fighting
 + Level 3.1 Dodging
 + Level 1.3 Stealth
 + Level 3.2 Unarmed Combat
 + Level 2.2 Spellcasting
 + Level 2.4 Transmutations


You had 2 spell levels left.
You knew the following spells:

 Your Spells              Type           Power        Failure   Level  Hunger
a - Beastly Appendage     Tmut           #.....       9%          1    #......
d - Sticks to Snakes      Tmut           #.......     13%         2    ###....

Your spell library contained the following spells:

 Spells                   Type           Power        Failure   Level  Hunger
 Spider Form              Tmut/Pois      #.........   38%         3    ###....
 Ice Form                 Ice/Tmut       #.......     80%         4    #####..
 Blade Hands              Tmut           #.........   93%         5    ######.


Dungeon Overview and Level Annotations

Branches:
Dungeon (2/15)

Altars:


Innate Abilities, Weirdness & Mutations

You cannot wear armour.
You are incapable of wielding weapons or throwing items.
Your paws allow you to move quietly. (Stealth)
You have sharp claws.
You have razor-sharp teeth.
You have supernaturally acute eyesight. (SInv)
You are carnivorous and can eat meat at any time.
You cover ground quickly.
You are covered in fur. (AC +1)
You have a slow metabolism.
Your sharp claws are effective at attacking unaware monsters.


Message History

A wight is wielding a +2 scimitar of electrocution.
You close the door.
A wight opens the door.
Found a whip.
Found 16 gold pieces.
You see here a whip.
You now have 64 gold pieces (gained 16).
There are no items here.
You open the door. 2 wights come into view.
You close the door.
A wight opens the door.
You open the door.
The wight hits you from afar with a +3 halberd.
Casting: Beastly Appendage (safe; 9% risk of failure)
Confirm with . or Enter, or press ? or * to list all spells.
You create a snake!
You now have 32 arrows.
The wight hits you from afar with a +3 halberd!
Ouch! That really hurt!
You die...

####.##### #...........#.##.
#........# ###.#########.###
#.##.###.# #.# #.# # #.##.# #.#
#.# #+# #.##.###.# #.# ...
#.##.....# #.# .....
#.###.##.#### ##.## .......
#.##........######...####........
..............S.@....z..'........
.......>.##.######z..####........
.###..##.##.# ##.## ....z.. .#
#.....##.# #.# z....
.###..#####.# ##.## ... ......#
#.# #...# #'# ####.######.# ##.##
#z# #........# ##.## #.#
#.######## #...########z##


You could see 2 wights and a friendly ball python.

Vanquished Creatures
  2 bats (D:1)
  A giant cockroach (D:1)
  6 hobgoblins (D:1)
  3 kobolds
  4 frilled lizards (D:1)
  4 goblins (D:1)
  5 rats
25 creatures vanquished.

Notes
Turn   | Place    | Note
-------+----------+-------------------------------------------
     0 | D:1      | Arixos the Felid Transmuter began the quest for the Orb.
     0 | D:1      | Reached XP level 1. HP: 9/9 MP: 4/4
   271 | D:1      | Reached XP level 2. HP: 12/12 MP: 6/6
   275 | D:1      | Learned a level 2 spell: Sticks to Snakes
   338 | D:1      | Reached skill level 1 in Stealth
  1484 | D:2      | Noticed a wight
  1484 | D:2      | Noticed a wight
  1484 | D:2      | Noticed a wight
  1525 | D:2      | Noticed a wight
  1525 | D:2      | Noticed a wight
  1572 | D:2      | Slain by a wight

Levels and vault maps discovered:
D:1:      erik_arrival_cave_to_civilisation [erik_arrival_cave_to_hall],
          layout_basic
D:2:      layout_loops_corners, minivault_23, kennysheep_crisscross,
          minmay_cut_off

Skill      XL: |  1  2 |
---------------+-------+-----
Stealth        | 1 |  1.3
Dodging        | 3 |  3.1
Fighting       | |  1.4
Unarmed Combat | |  3.2
Spellcasting   | |  2.2
Transmutations | |  2.4

Action                   || total
-------------------------++-------
Melee: Unarmed           ||    45
       Headbutt          ||     5
 Cast: Beastly Appendage ||    11
       Sticks to Snakes  ||     1
 Stab: Sleeping          ||    10
  Eat: Chunk             ||     8
Armor: Skin              ||     2
Dodge: Dodged            ||    28

Table legend:
 A = Non-vault XP
 B = Vault XP
 C = Vault XP percentage of total XP
 D = Non-vault monster count
 E = Vault monster count
 F = Vault count percentage of total count
                 A         B        C        D         E       F
            +---------+---------+-------+---------+---------+-------
      Total |      37 |       2 |   5.1 |      23 |       2 |   8.0
            +---------+---------+-------+---------+---------+-------
        D:1 |      34 |       2 |   5.6 |      21 |       2 |   8.7
        D:2 |       3 |       0 |   0.0 |       2 |       0 |   0.0
            +---------+---------+-------+---------+---------+-------
